 Dungeon Crawl Stone Soup version 0.27-a0-1105-g946c659c87 (webtiles) character file.

Game seed: 4689167142443148109

100 siradein the Chopper (level 4, -2/37 HPs)
             Began as a Minotaur Gladiator on Apr 30, 2021.
             Slain by an ogre
             ... wielding a +0 giant spiked club
              (16 damage)
             ... on level 4 of the Dungeon.
             The game lasted 00:03:25 (2572 turns).

siradein the Chopper (Minotaur Gladiator)           Turns: 2572, Time: 00:03:26

Health: -2/37      AC:  7    Str: 19    XL:     4   Next: 47%
Magic:  3/3        EV: 12    Int:  5    God:
Gold:   72         SH:  0    Dex: 12    Spells: 3/3 levels left

rFire    . . .     SeeInvis .   a - +0 war axe
rCold    . . .     Faith    .   (no shield)
rNeg     . . .     Spirit   .   b - +0 leather armour
rPois    .         Reflect  .   c - +0 hat
rElec    .         Harm     .   (no cloak)
rCorr    .         Rampage  .   (no gloves)
Will     .....                  (no boots)
Stlth    +.........             (no amulet)
HPRegen  0.12/turn              n - +4 ring of protection
MPRegen  0.08/turn              (no ring)

@: no status effects
A: horns 2, retaliatory headbutt
a: no special abilities


You were on level 4 of the Dungeon.
You visited 1 branch of the dungeon, and saw 4 of its levels.

You collected 72 gold pieces.

Inventory:

Hand Weapons
 a - a +0 war axe (weapon)
Missiles
 d - 3 throwing nets (quivered)
Armour
 b - a +0 leather armour (worn)
 c - a +0 hat (worn)
Jewellery
 n - a +4 ring of protection (left hand)
 p - a ring of ice
 q - a ring of wizardry
Scrolls
 f - a scroll of noise {unknown}
 h - 2 scrolls of silence {unknown}
 i - a scroll of holy word {unknown}
 j - a scroll of torment {unknown}
 k - a scroll of enchant weapon {unknown}
 m - a scroll of identify {unknown}
 o - 2 scrolls of fear {unknown}
Potions
 e - a potion of resistance {unknown}
 g - a potion of flight {unknown}
 l - a potion of lignification {unknown}


   Skills:
 - Level 2.4 Fighting
 + Level 6.4 Axes
 - Level 2.0 Throwing
 - Level 3.2 Dodging


You had 3 spell levels left.
You didn't know any spells.
Your spell library contained the following spells:

 Spells                   Type           Power      Damage    Failure   Level
 Animate Skeleton         Necr           0%         N/A       54%         1
 Apportation              Tloc           0%         N/A       54%         1
 Corona                   Hex            0%         N/A       54%         1
 Summon Small Mammal      Summ           0%         N/A       54%         1


Dungeon Overview and Level Annotations

Branches:
Dungeon (4/15)
 Temple: D:4-7

Altars:


Innate Abilities, Weirdness & Mutations

You have a pair of horns on your head.
You reflexively headbutt those who attack you in melee.


Message History

A kobold brigand comes into view. It is wielding a +0 dagger.
The kobold brigand moves out of view.
The kobold throws a stone.
The stone misses you.
There is an open door here.
There is an open door here.
You hear the brisk rusting of a distant drain.
The kobold throws a stone.
The stone misses you.
The kobold throws a stone.
The stone hits you but does no damage.
The kobold throws a stone.
The stone hits you but does no damage.
The kobold throws a stone.
The stone closely misses you.
You see here 20 arrows.
Found 19 sling bullets.
A scorpion comes into view.
The kobold closely misses you. You furiously retaliate!
You headbutt the kobold!
You kill the kobold!
The kobold throws a stone.
The stone hits you but does no damage.
The kobold throws a stone.
The stone hits you but does no damage.
The kobold throws a stone.
The stone hits you but does no damage.
The kobold throws a stone.
The stone closely misses you.
An ogre comes into view. It is wielding a +0 giant spiked club.
The ogre shouts!
The kobold throws a stone.
The stone hits you but does no damage.
The kobold throws a stone.
The stone hits you but does no damage. The ogre closely misses you.
You furiously retaliate!
You headbutt the ogre!
The kobold throws a stone.
The stone barely misses you. The scorpion closely misses you.
You furiously retaliate!
You headbutt the scorpion, but do no damage.
The ogre misses you. The scorpion barely misses you.
The kobold throws a stone.
The stone hits you.
You hear the brisk rusting of a distant drain.
The scorpion closely misses you. You furiously retaliate!
You headbutt the scorpion.
The kobold throws a stone.
The stone closely misses you. The scorpion closely misses you.
The kobold throws a stone.
The stone hits you but does no damage.
The kobold throws a stone.
The stone hits you but does no damage.
The kobold throws a stone.
The stone hits you but does no damage.
The kobold throws a stone.
The stone hits you but does no damage.
The ogre hits you with a +0 giant spiked club!
You die...

#####.....#..#
#.....#.#
+......#
#......+
###....##
#.....#
#.....+
#..K..#
#@Ks..#
#.O...#
#.....#
#######


You could see an ogre, a scorpion and 2 kobolds.

Vanquished Creatures
  An iguana (D:4)
  An adder (D:2)
  A dart slug (D:1)
  2 worms (D:2)
  An orc (D:3)
  7 endoplasms
  2 giant cockroaches
  4 goblins
  5 hobgoblins
  6 jackals
  2 quokkas
  4 ball pythons
  2 bats
  2 frilled lizards
  8 kobolds
  5 rats
53 creatures vanquished.

Vanquished Creatures (others)
  12 plants (D:4)
  4 toadstools (D:3)
16 creatures vanquished.

Grand Total: 69 creatures vanquished

Notes
Turn   | Place    | Note
-------+----------+-------------------------------------------
     0 | D:1      | siradein the Minotaur Gladiator began the quest for the
                  | Orb.
     0 | D:1      | Reached XP level 1. HP: 18/18 MP: 0/0
   152 | D:1      | Reached skill level 4 in Axes
   356 | D:1      | Reached XP level 2. HP: 24/25 MP: 1/1
   824 | D:1      | You fall into a shaft and drop 1 floor!
   896 | D:2      | Reached skill level 5 in Axes
   896 | D:2      | Reached XP level 3. HP: 28/30 MP: 2/2
  1034 | D:2      | Found a faded altar of an unknown god.
  2408 | D:4      | Reached XP level 4. HP: 29/37 MP: 3/3
  2409 | D:4      | Reached skill level 6 in Axes
  2472 | D:4      | Noticed a kobold brigand
  2547 | D:4      | Noticed a scorpion
  2556 | D:4      | Noticed an ogre
  2572 | D:4      | Slain by an ogre

Illustrated notes

Levels and vault maps discovered:
D:1:      dpeg_arrival_signposts, layout_basic, serial_forest,
          infiniplex_forest_corner_1, infiniplex_forest_straight_4,
          infiniplex_forest_lined_2, infiniplex_forest_straight_4,
          infiniplex_forest_straight_2
D:2:      layout_basic, shapermc_ecumenical_altar_totnotflames
D:3:      layout_loops_corners, minmay_misc_feat_x, minmay_gold_behind_fungi,
          minmay_misc_feat_hallway
D:4:      layout_gridville, temple_green, lightli_sewer_entry_pipes,
          grunt_ministairs_14, lexackson_kobold_supper

Skill      XL: |  1  2  3  4 |
---------------+-------------+-----
Axes           | 4 5 6 |  6.4
Fighting       | |  2.4
Throwing       | |  2.0
Dodging        | |  3.2

Action                   |  1- 3 |  4- 6 || total
-------------------------+-------+-------++-------
Melee: War axe           |    81 |     8 ||    89
       Headbutt          |     8 |     2 ||    10
Armor: Leather armour    |     9 |    11 ||    20
Dodge: Dodged            |    66 |    17 ||    83

Table legend: (Time is in decaauts)
 A = Elapsed time spent in this place.
 B = Non-inter-level travel time spent in this place.
 C = Inter-level travel time spent in this place.
 D = Time resting spent in this place.
 E = Time spent auto-exploring this place.
 F = Levels seen in this place.
 G = Mean time per level.
                   A        B        C        D        E       F      G
               +--------+--------+--------+--------+--------+-----+--------+
         Total |   2591 |   2549 |     42 |    240 |   1699 |   4 |  647.8 |
       Dungeon |   2591 |   2549 |     42 |    240 |   1699 |   4 |  647.8 |
               +--------+--------+--------+--------+--------+-----+--------+

Top non-repeatable levels by time:
     D:2: 1133 daAuts
     D:1: 831 daAuts
     D:4: 362 daAuts
     D:3: 264 daAuts
